 Dungeon Crawl Stone Soup version 0.21-a0-286-g6fcecc0 (webtiles) character file.

44 tidbits the Grave Robber (level 3, -1/26 HPs)
             Began as a Draconian Necromancer on Sept 25, 2017.
             Slain by a worker ant (2 damage)
             ... on level 4 of the Dungeon.
             The game lasted 00:05:31 (822 turns).

tidbits the Grave Robber (Draconian Necromancer)     Turns: 822, Time: 00:05:32

Health: -1/26      AC:  5    Str: 10    XL:     3   Next: 41%
Magic:  3/6        EV: 12    Int: 16    God:
Gold:   29         SH:  0    Dex: 11    Spells: 4/6 levels left

rFire    . . .     SeeInvis .   a - book of Necromancy
rCold    . . .     Gourm    .   (no shield)
rNeg     . . .     Faith    .   (armour unavailable)
rPois    .         Spirit   .   (helmet restricted)
rElec    .         Reflect  .   (no cloak)
rCorr    .         Harm     .   (no gloves)
MR       .....                  (no boots)
Stlth    ++........             (no amulet)
HPRegen  0.08/turn              (no ring)
MPRegen  0.10/turn              (no ring)

@: lethally poisoned (-1 -> -9)
A: unfitting armour, cold-blooded, AC +5
a: no special abilities


You were on level 4 of the Dungeon.
You were not hungry.

You visited 1 branch of the dungeon, and saw 5 of its levels.

You collected 29 gold pieces.

Inventory:

Hand Weapons
 d - a +0 dagger
Missiles
 h - 34 arrows
Scrolls
 c - 2 scrolls of remove curse {unknown}
 j - a scroll of teleportation {unknown}
Potions
 e - a potion of agility {unknown}
 g - a potion of mutation {unknown}
 i - 2 potions of heal wounds {unknown}
 k - a potion of might {unknown}
 m - a potion of cancellation {unknown}
Books
 a - a book of Necromancy (in hand)

   Spells                             Type                      Level
   a - Pain                           Necromancy                   1
   b - Animate Skeleton               Necromancy                   1
   c - Vampiric Draining              Necromancy                   3
   d - Regeneration                   Charms/Necromancy            3
   e - Animate Dead                   Necromancy                   4
   f - Control Undead                 Necromancy                   4
Comestibles
 b - a bread ration
 f - a meat ration
 l - 2 chunks of flesh


   Skills:
 - Level 1.7 Dodging
 - Level 1.7 Stealth
 + Level 2.3 Spellcasting
 * Level 5.0 Necromancy


You had 4 spell levels left.
You knew the following spells:

 Your Spells              Type           Power        Failure   Level  Hunger
a - Pain                  Necr           ###.         2%          1    #......
n - Animate Skeleton      Necr           N/A          2%          1    #......


Dungeon Overview and Level Annotations

Branches:
Dungeon (5/15)
 Temple: D:4-7

Altars:


Innate Abilities, Weirdness & Mutations

Your plain brown scales are hard. (AC +5)
You cannot fit into any form of body armour.
You are cold-blooded and may be slowed by cold attacks.


Message History

You swing at nothing.
You swing at nothing.
You swing at nothing.
You swing at nothing.
You swing at nothing.
You swing at nothing.
A rat comes into view.
Casting: Pain
Confirm with . or Enter, or press ? or * to list all spells.
You can't see any susceptible monsters within range! (Use Z to cast anyway.)
Casting: Pain
Confirm with . or Enter, or press ? or * to list all spells.
Aiming: Pain
Press: ? - help, Shift-Dir - straight line, f - rat
Aim: a rat (chance to defeat MR: 87%)
The rat writhes in agony!
You kill the rat!
Okay, then.
Things that are here:
a flail; a leather armour; an orc corpse You butcher the orc corpse.
l - 3 chunks of flesh
Things that are here:
a flail; a leather armour Eat one of 3 chunks of flesh? (ye/n/q)
You eat one of the 3 chunks of flesh.
This raw flesh tastes terrible.
Found a scroll labeled ITSEMA YKHLUIB.
Things that are here:
a dagger; a goblin corpse
c - 2 scrolls labeled ITSEMA YKHLUIB (gained 1)
h - 34 arrows (gained 24)
You open the door.
A kobold comes into view.
Found a fuming ruby potion.
Found a stone staircase leading down.
Casting: Pain
Confirm with . or Enter, or press ? or * to list all spells.
Aiming: Pain
Press: ? - help, Shift-Dir - straight line, f - kobold
Aim: a kobold (resting, chance to defeat MR: 87%)
The kobold shouts!
The kobold writhes in agony!
Casting: Pain
Confirm with . or Enter, or press ? or * to list all spells.
Aiming: Pain
Press: ? - help, Shift-Dir - straight line, f/p - kobold
Aim: a kobold (moderately wounded, chance to defeat MR: 87%)
The kobold writhes in agony!
You kill the kobold!
Found 17 bolts.
There is an open door here.
You see here a kobold corpse.
m - a fuming ruby potion
There is a stone staircase leading down here.
You climb downwards.
Found a stone staircase leading down.
There is a stone staircase leading up here.
There is a stone staircase leading down here.
You open the door.
There is an open door here.
There is a stone staircase leading down here.
You climb downwards.
There is a stone staircase leading up here.
Found a whip.
You see here a whip.
Found 5 gold pieces.
A water moccasin zombie comes into view.
Found 13 gold pieces.
Found a scroll labeled DEORAM BIKK.
Found an escape hatch in the ceiling.
The water moccasin zombie closely misses you.
There is a stone staircase leading up here.
The water moccasin zombie bites you but does no damage.
You climb upwards.
There is a stone staircase leading down here.
There is an open door here.
A worker ant comes into view.
The worker ant twitches its antennae in your direction.
Casting: Pain
Confirm with . or Enter, or press ? or * to list all spells.
Aiming: Pain
Press: ? - help, Shift-Dir - straight line, f - worker ant
Aim: a worker ant (chance to defeat MR: 84%)
The worker ant writhes in agony!
Casting: Pain
Confirm with . or Enter, or press ? or * to list all spells.
Aiming: Pain
Press: ? - help, Shift-Dir - straight line, f/p - worker ant
Aim: a worker ant (lightly wounded, chance to defeat MR: 84%)
The worker ant writhes in agony!
The worker ant bites you.
* * * LOW HITPOINT WARNING * * *
You are lethally poisoned!
The worker ant poisons you!
Casting: Pain
Confirm with . or Enter, or press ? or * to list all spells.
Aiming: Pain
Press: ? - help, Shift-Dir - straight line, f/p - worker ant
Aim: a worker ant (lightly wounded, chance to defeat MR: 84%)
The worker ant writhes in agony!
* * * LOW HITPOINT WARNING * * *
You feel sick. The worker ant bites you.
You die...

#...###.##..#
#...........+
#..<........#
#...........######.
#...##..#####......
#...##.>#..........
#...#...'..........
#...+...#..........
#...#...#..@a.....#
#...##..#.........#
####....######
+....# #....#
#....# #....#
#....#


You could see a worker ant.

Vanquished Creatures
  A dart slug (D:1)
  A leopard gecko (D:2)
  3 orcs (D:3)
  A giant cockroach (D:1)
  8 goblins
  3 hobgoblins (D:2)
  3 jackals (D:1)
  6 bats
  4 kobolds
  6 rats
36 creatures vanquished.

Notes
Turn   | Place    | Note
-------+----------+-------------------------------------------
     0 | D:1      | tidbits the Draconian Necromancer began the quest for the Orb.
     0 | D:1      | Reached XP level 1. HP: 14/14 MP: 3/3
   229 | D:1      | You fall through a shaft!
   230 | D:2      | Reached XP level 2. HP: 17/20 MP: 3/5
   233 | D:2      | Learned a level 1 spell: Animate Skeleton
   579 | D:1      | Reached XP level 3. HP: 11/26 MP: 0/6
   689 | D:3      | Reached skill level 5 in Necromancy
   793 | D:5      | Entered Level 5 of the Dungeon
   822 | D:4      | HP: 1/26 [poisoned by a worker ant]
   822 | D:4      | Slain by a worker ant

Vault maps used:
D:1:      evilmike_arrival_crescent, minmay_misc_feat_cross, minmay_tripent
D:2:      first_bread
D:3:      hangedman_ru_absence, grunt_temple_overflow_open
D:4:      minmay_misc_feat_columns, uniq_menkaure

Skill      XL: |  1  2  3 |
---------------+----------+-----
Necromancy     | 5 |  5.0
Dodging        | |  1.7
Stealth        | |  1.7
Spellcasting   | |  2.3

Action                   || total
-------------------------++-------
Melee: Dagger            ||    22
       Tailslap          ||     2
 Cast: Pain              ||    58
  Eat: Chunk             ||     1
Armor: Skin              ||    22
Dodge: Dodged            ||    33

Table legend:
 A = Spawn XP
 B = Non-spawn XP
 C = Spawn XP percentage of total XP
 D = Spawn monster count
 E = Non-spawn monster count
 F = Spawn count percentage of total count
 G = Total turns spent on level
                    A         B        C        D         E        F      G
               +---------+---------+-------+---------+---------+-------+---------
         Total |       0 |      64 |   0.0 |       0 |      36 |   0.0 |   822
               +---------+---------+-------+---------+---------+-------+---------
           D:1 |       0 |      30 |   0.0 |       0 |      18 |   0.0 |   409
           D:2 |       0 |      19 |   0.0 |       0 |      10 |   0.0 |   235
           D:3 |       0 |      15 |   0.0 |       0 |       8 |   0.0 |   140
               +---------+---------+-------+---------+---------+-------+---------

Table legend:
 A = Turns spent in this place as a percentage of turns spent in the entire game.
 B = Non-inter-level travel turns spent in this place as a percentage of non-inter-level travel turns spent in the entire game.
 C = Inter-level travel turns spent in this place as a percentage of turns spent in this place.
 D = Turns resting spent in this place as a percentage of non-inter-level travel turns spent in this place.
 E = Turns spent auto-exploring this place as a percentage of non-inter-level travel turns spent in this place.
 F = Non-inter-level travel turns spent in this place divided by the number of levels of this place that you've seen.
                   A       B       C       D       E      F
               +-------+-------+-------+-------+-------+----------------------
         Total | 100.0 | 100.0 |   0.0 |   0.0 |   0.0 | 164.4
       Dungeon | 100.0 | 100.0 |   0.0 |   0.0 |   0.0 | 164.4
               +-------+-------+-------+-------+-------+----------------------

Table legend:
 A = Kills in this place as a percentage of kills in entire the game.
 B = Kills by you in this place as a percentage of kills by you in the entire game.
 C = Kills by friends in this place as a percentage of kills by friends in the entire game.
 D = Other kills in this place as a percentage of other kills in the entire game.
 E = Experience gained in this place as a percentage of experience gained in the entire game.
 F = Experience gained in this place divided by the number of levels of this place that you have seen.
                   A       B       C       D       E      F
               +-------+-------+-------+-------+-------+----------------------
         Total | 100.0 | 100.0 |   N/A |   N/A | 100.0 |  12.8
       Dungeon | 100.0 | 100.0 |   N/A |   N/A | 100.0 |  12.8
               +-------+-------+-------+-------+-------+----------------------

Vault maps used:
D:1:      evilmike_arrival_crescent, minmay_misc_feat_cross, minmay_tripent
D:2:      first_bread
D:3:      hangedman_ru_absence, grunt_temple_overflow_open
D:4:      minmay_misc_feat_columns, uniq_menkaure
